 Dungeon Crawl Stone Soup version 0.27-a0-323-gbd089401bb (webtiles) character file.

Game seed: 12348222109883875012

149 foci the Chopper (level 5, -2/31 HPs)
             Began as a Gargoyle Gladiator on Feb 11, 2021.
             Slain by a worm (4 damage)
             ... on level 3 of the Dungeon.
             The game lasted 00:06:45 (1900 turns).

foci the Chopper (Gargoyle Gladiator)               Turns: 1900, Time: 00:06:45

Health: -2/31      AC:  8    Str: 17      XL:     5   Next: 31%
Magic:  5/5        EV: 12    Int:  9      God:
Gold:   105        SH:  0    Dex:  7 (12) Spells: 4/4 levels left

rFire    . . .     SeeInvis .   a - +0 war axe
rCold    + . .     Faith    .   (no shield)
rNeg     + . .     Spirit   .   b - +0 leather armour
rPois    ∞         Reflect  .   c - +0 helmet
rElec    +         Harm     .   (no cloak)
rCorr    .         Rampage  .   (no gloves)
Will     .....                  (no boots)
Stlth    +.........             (no amulet)
HPRegen  0.10/turn              k - ring of protection from cold
MPRegen  0.09/turn              (no ring)

@: no status effects
A: negative energy resistance 1, electricity resistance, unbreathing,
petrification resistance, miasma immunity, AC +4
a: no special abilities


You were on level 3 of the Dungeon.
You visited 1 branch of the dungeon, and saw 3 of its levels.

You collected 105 gold pieces.

Inventory:

Hand Weapons
 a - a +0 war axe (weapon)
Missiles
 d - 3 throwing nets (quivered)
Armour
 b - a +0 leather armour (worn)
 c - a +0 helmet (worn)
Jewellery
 k - a ring of protection from cold (left hand)
 n - an amulet of reflection {unknown}
Scrolls
 g - a scroll of noise {unknown}
 j - a scroll of teleportation {unknown}
 l - 3 scrolls of identify {unknown}
Potions
 e - 3 potions of degeneration {unknown}
 f - 2 potions of magic {unknown}
 h - a potion of berserk rage {unknown}
 i - a potion of flight {unknown}
 m - a potion of ambrosia {unknown}


   Skills:
 + Level 2.4 Fighting
 * Level 4.3 Axes
 - Level 1.7 Throwing
 + Level 0.8 Armour
 * Level 3.1 Dodging
 * Level 1.6 Stealth


You had 4 spell levels left.
You didn't know any spells.
Your spell library was empty.

Dungeon Overview and Level Annotations

Branches:
Dungeon (3/15)

Altars:


Innate Abilities, Weirdness & Mutations

You are resistant to torment.
Your stone body is resilient. (AC +4)
You are immune to poison.
You resist negative energy. (rN+)
You are resistant to electric shocks. (rElec)
You can survive without breathing.
You are immune to petrification.
You are immune to miasma.


Message History

The orc misses you.
You hit the orc but do no damage.
The orc is lightly wounded.
The orc closely misses you.
You closely miss the orc.
The orc is lightly wounded.
The orc hits you with a +0 morningstar of protection!
* * * LOW HITPOINT WARNING * * *
You closely miss the orc.
The orc is lightly wounded.
The orc completely misses you.
You barely miss the orc.
The orc is lightly wounded.
The orc closely misses you.
You barely miss the orc.
The orc is lightly wounded.
The orc hits you with a +0 morningstar of protection.
* * * LOW HITPOINT WARNING * * *
You closely miss the orc.
The orc is lightly wounded.
The orc barely misses you.
You hit the orc.
You kill the orc!
You slash the rat!
You kill the rat!
You hit the hobgoblin.
The hobgoblin is moderately wounded.
The hobgoblin barely misses you. The hobgoblin closely misses you.
You barely miss the hobgoblin.
The hobgoblin is moderately wounded.
The hobgoblin closely misses you.
You hit the hobgoblin.
You kill the hobgoblin!
The worm bites you.
* * * LOW HITPOINT WARNING * * *
Items here: ( )))) [ ††††.
You hit the worm.
The worm is moderately wounded.
The worm bites you.
You die...

.. ..#...............#
##.##...##.###.#.......
... #.. #.###.###.##..
#..#.###............#
#$#.#..###....######.#
#...).....##># #.#
#$#.#o###..##.######..
#. #w# #.†##........#
.. ##@# #..###########
## #..# #..# ..?.....#
#..# ..#####.. #..#
#..##... #..##..#
#..##.## .... ....


You could see a worm and an orc.

Vanquished Creatures
  A quasit (D:3)
  3 adders
  2 oozes
  2 worms (D:2)
  2 dart slugs (D:1)
  3 leopard geckos (D:3)
  4 orcs (D:3)
  5 giant cockroaches
  11 hobgoblins
  6 kobolds
  9 bats
  4 frilled lizards
  7 goblins
  7 rats
66 creatures vanquished.

Notes
Turn   | Place    | Note
-------+----------+-------------------------------------------
     0 | D:1      | foci the Gargoyle Gladiator began the quest for the Orb.
     0 | D:1      | Reached XP level 1. HP: 12/12 MP: 1/1
   139 | D:1      | Reached XP level 2. HP: 17/17 MP: 2/2
   177 | D:1      | Reached skill level 3 in Axes
   230 | D:1      | Reached XP level 3. HP: 21/21 MP: 3/3
   353 | D:1      | Reached skill level 1 in Stealth
  1009 | D:2      | Reached XP level 4. HP: 11/26 MP: 4/4
  1573 | D:2      | Found a faded altar of an unknown god.
  1741 | D:3      | Reached skill level 4 in Axes
  1855 | D:3      | Reached XP level 5. HP: 13/31 MP: 5/5
  1900 | D:3      | Slain by a worm

Illustrated notes

Levels and vault maps discovered:
D:1:      minmay_arrival_up_and_down, layout_loops_ring
D:2:      layout_basic, chequers_ecumenical_altar_grove, serial_glass,
          glass_columns_a, glass_columns_a, glass_columns_b
D:3:      layout_loops_ring, general_overflow_altar, vehumet_crystals,
          fedhas_altar_2, minmay_box_of_dots

Skill      XL: |  1  2  3  4 |
---------------+-------------+-----
Axes           | 3 4 |  4.3
Stealth        | 1 |  1.6
Dodging        | 3 |  3.1
Fighting       | |  2.4
Throwing       | |  1.7
Armour         | |  0.8

Action                   |  1- 3 |  4- 6 || total
-------------------------+-------+-------++-------
Melee: War axe           |   102 |   124 ||   226
 Stab: Sleeping          |     1 |     2 ||     3
Armor: Leather armour    |    36 |   110 ||   146
Dodge: Dodged            |    81 |   152 ||   233

Table legend: (Time is in decaauts)
 A = Elapsed time spent in this place.
 B = Non-inter-level travel time spent in this place.
 C = Inter-level travel time spent in this place.
 D = Time resting spent in this place.
 E = Time spent auto-exploring this place.
 F = Levels seen in this place.
 G = Mean time per level.
                   A        B        C        D        E       F      G
               +--------+--------+--------+--------+--------+-----+--------+
         Total |   1968 |   1921 |     47 |      0 |   1393 |   3 |  656.0 |
       Dungeon |   1968 |   1921 |     47 |      0 |   1393 |   3 |  656.0 |
               +--------+--------+--------+--------+--------+-----+--------+

Top non-repeatable levels by time:
     D:2: 977 daAuts
     D:1: 793 daAuts
     D:3: 197 daAuts
